AoeStats
← | ArCas | Ahsoka Tano

Pilgrims

508972141Analyzed
4v4 RM · 7d ago on Sep 24, 2026· 27m 49s· 8 players
Game mode
Random Map
Map size
Large (8 player)
Population
200
Speed
Normal
Resources
Standard
Victory
Conquest
Starting age
Dark Age
Ending age
Imperial Age
RankedLock teamsTeams togetherTeam positionsShared explorationLock speedFull tech treeHidden civsTurbo modeCheats
Victory
Defeat
🇲🇽 Danes · Mexico
1396
+11
1296
+16
🇨🇳 Khitans · China
1269
+17
🇨🇦 Huns · Canada
1206
+20
🇦🇷 Danes · Argentina
1357
-19
🇦🇷 Persians · Argentina
1309
-17
🇦🇷 Varangians · Argentina
1240
-14
🇨🇱 Mapuche · Chile
1237
-14
| ArCas | Ahsoka Tano
11:38 Feudal Age
15:16 Castle Age
13:55 Fletching
15:08 Forging
14:59 Scale Mail Armor
14:46 Loom
15:39 Double-Bit Axe
matiasdaniel
9:07 Loom
12:42 Feudal Age
13:17 Town Watch
14:00 Double-Bit Axe
13:57 Horse Collar
15:52 Gold Mining
16:20 Forging
16:11 Scale Mail Armor
16:24 Champi Runner
21:32 Fletching
28:23 Castle Age
| ArCas | MaxiBosch
11:21 Feudal Age
12:46 Town Watch
12:49 Loom
15:14 Bloodlines
23:30 Double-Bit Axe
26:42 Castle Age
26:16 Scale Barding Armor
26:22 Forging
| ArCas | El BrancaS
8:55 Loom
11:29 Feudal Age
15:21 Double-Bit Axe
15:41 Fletching
18:35 Castle Age
18:59 Bodkin Arrow
19:16 Medium Warships
20:25 Bow Saw
23:21 Clinker Construction
:) YO30830
8:02 Loom
10:31 Feudal Age
11:28 Fishing Lines
11:41 Double-Bit Axe
18:15 Castle Age
20:46 Medium Warships
21:29 Gillnets
24:27 Bow Saw
24:48 Fletching
25:33 Bodkin Arrow
27:07 Ballistics
unclesam613
11:15 Feudal Age
15:09 Castle Age
13:38 Double-Bit Axe
14:27 Stone Mining
15:10 Fletching
15:34 Horse Collar
16:11 Bow Saw
17:36 Fishing Lines
23:47 Loom
23:48 Town Watch
uu
13:05 Feudal Age
14:05 Loom
19:48 Castle Age
18:32 Fletching
18:42 Padded Archer Armor
19:35 Double-Bit Axe
23:01 Wheelbarrow
22:38 Heavy Cavalry Archer
Antonio El Conquistador
6:56 Loom
10:53 Feudal Age
14:32 Castle Age
12:32 Double-Bit Axe
13:05 Town Watch
15:37 Horse Collar
16:52 Bow Saw
17:10 Forging
18:42 Iron Casting
19:35 Scale Barding Armor
21:55 Wheelbarrow
22:34 Heavy Plow
24:09 Chain Barding Armor
24:35 Bloodlines
26:20 Hand Cart
27:03 Husbandry
Connection lost

Rejoining the realm…

Still unreachable

The connection could not be restored.

Session expired

The server has moved on; the page needs a fresh start.